Map: 冰雪合金-天梯版

Players

iGMacSed (MacSed)

  • Race: Protoss Protoss
  • League: Master

TIME (Oliveira) - Winner!

  • Race: Terran Terran

Event: DreamHack SC2 Masters 2020 Fall

VOD

Have the link to the VOD?

Description

Time

  • Played on: Sept. 5, 2020, 9:29 a.m.
  • Length: 9:14
Show
View Real Time Build Order
Export as new Build Order

iGMacSed Protoss 

Build Orders: Proxy Void Ray 

Get SALT Encoding   

  12  0:00  Probe  
  13  0:12  Probe  
  14  0:17  Pylon  
  14  0:24  Probe (Chrono Boost)  
  15  0:37  Gateway, Probe (Chrono Boost)  
  16  0:44  Probe (Chrono Boost)  
  16  0:45  Assimilator  
  17  0:51  Probe  
  17  0:53  Assimilator  
  18  1:03  Probe  
  19  1:15  Probe  
  20  1:23  Cybernetics Core  
  20  1:27  Probe  
  20  1:30  Pylon  
  21  1:39  Probe  
  22  1:51  Probe  
  23  1:58  Adept (Chrono Boost)  
  25  2:02  Stargate  
  25  2:03  Shield Battery  
  25  2:06  Probe  
  25  2:10  Warp Gate  
  25  2:20  Adept  
  27  2:37  Void Ray (Chrono Boost)  
  27  2:41  Pylon  
  27  2:43  Shield Battery  
  27  2:51  Shield Battery  
  31  3:04  Void Ray (Chrono Boost)  
  35  3:23  Shield Battery  
  35  3:30  Shield Battery x2  
  35  3:34  Void Ray (Chrono Boost)  
  35  3:36  Shield Battery  
  37  4:05  Pylon  
  37  4:16  Phoenix (Chrono Boost)  
  37  4:21  Fleet Beacon  
  39  4:26  Shield Battery  
  39  4:33  Pylon  
  39  4:41  Void Ray  
  43  4:53  Shield Battery  
  43  4:54  Shield Battery  
  43  4:55  Shield Battery  
  43  5:01  Shield Battery  
  43  5:21  Tempest (Chrono Boost)  
  44  5:28  Adept  
  46  5:41  Pylon  
  45  5:43  Probe  
  46  5:56  Probe  
  47  6:01  Tempest (Chrono Boost)  
  46  6:20  Twilight Council  
  46  6:23  Gateway  
  24  7:10  Nexus, Stalker  
  24  7:11  Dark Shrine  
  26  7:27  Stalker  
  28  7:33  Pylon  
  28  7:36  Probe  
  25  7:38  Gateway  
  25  7:45  Shield Battery x2  
  25  7:49  Probe  
  26  7:53  Sentry, Pylon  
  28  7:59  Stalker  
  28  8:01  Probe  
  31  8:05  Pylon  
  31  8:24  Dark Templar x2  
  33  8:34  Sentry  
  35  8:55  Dark Templar  
Show
View Real Time Build Order
Export as new Build Order

TIME Terran - Winner!

Build Orders:  

Get SALT Encoding   

  12  0:00  SCV  
  13  0:12  SCV  
  14  0:17  Supply Depot  
  14  0:24  SCV  
  15  0:39  SCV  
  15  0:40  Barracks  
  16  0:45  Refinery  
  16  0:51  SCV  
  16  0:55  Supply Depot  
  17  1:03  SCV  
  18  1:17  SCV  
  19  1:27  Marine  
  19  1:30  Orbital Command  
  20  1:47  Barracks Reactor  
  20  1:51  Command Center  
  20  1:56  SCV  
  21  2:08  SCV  
  21  2:10  Factory  
  22  2:20  Bunker, SCV  
  23  2:23  Refinery  
  23  2:24  Marine  
  23  2:25  Marine  
  25  2:32  SCV  
  26  2:37  Supply Depot  
  26  2:42  Marine  
  26  2:43  Marine  
  28  2:50  Bunker  
  28  2:51  SCV  
  28  2:58  Factory Tech Lab  
  29  3:02  Marine  
  30  3:12  Orbital Command  
  29  3:19  Cyclone  
  32  3:25  Mag-Field Accelerator  
  32  3:26  Marine  
  32  3:35  SCV  
  33  3:44  Marine  
  33  3:47  SCV  
  35  3:53  Cyclone  
  38  3:59  SCV  
  38  4:01  Factory  
  39  4:04  Marine  
  38  4:20  SCV  
  40  4:25  Cyclone  
  42  4:38  SCV x2  
  44  4:40  Supply Depot x2  
  44  4:47  Factory Tech Lab  
  44  4:48  Marine  
  44  4:50  SCV  
  46  5:02  Cyclone  
  46  5:05  Orbital Command, Marine  
  49  5:07  Cyclone  
  49  5:11  Bunker  
  49  5:25  Marine  
  49  5:27  SCV  
  51  5:28  Supply Depot  
  49  5:39  SCV  
  49  5:41  Cyclone  
  53  5:50  Cyclone  
  55  5:57  Supply Depot  
  55  6:13  Cyclone  
  55  6:18  SCV  
  59  6:19  Supply Depot  
  59  6:22  Cyclone, Marine  
  53  6:40  Marine  
  53  6:48  Cyclone  
  53  6:49  Orbital Command  
  56  6:54  Cyclone  
  59  7:02  SCV  
  60  7:14  SCV  
  61  7:16  SCV  
  61  7:18  Refinery  
  61  7:20  Refinery  
  61  7:22  Cyclone  
  65  7:26  SCV  
  66  7:33  SCV  
  66  7:36  Marine  
  68  7:37  Cyclone  
  68  7:38  SCV  
  72  7:53  SCV  
  72  7:54  SCV, Cyclone  
  72  7:57  Supply Depot x2  
  77  8:05  SCV  
  77  8:06  SCV  
  77  8:11  Cyclone  
  82  8:12  Barracks Reactor  
  82  8:18  SCV  
  83  8:22  SCV  
  83  8:23  Supply Depot  
  84  8:30  SCV  
  85  8:34  Cyclone  
  85  8:40  Engineering Bay  

Tags
 
Add a new tag
Caveats
  • Supply blocks, unpowered buildings, or Contaminate may cause inaccurate times.
  • Supply counts are checked every 10 seconds.